AoeStats
← mexgags

Arena

509949591Analyzed
2v2 RM · 2d ago on Sep 28, 2026· 49m 36s· 4 players
Game mode
Random Map
Map size
Medium (4 player)
Population
200
Speed
Normal
Resources
Standard
Victory
Conquest
Starting age
Dark Age
Ending age
Imperial Age
RankedLock teamsTeams togetherTeam positionsShared explorationLock speedFull tech treeHidden civsTurbo modeCheats
Victory
Defeat
🇩🇪 Khmer · Germany
671
+18
🇩🇪 Huns · Germany
670
+18
🇦🇷 Chinese · Argentina
778
-21
🇦🇷 Sicilians · Argentina
636
-15
mexgags
0:33 Loom
10:58 Feudal Age
11:36 Double-Bit Axe
11:32 Horse Collar
14:02 Wheelbarrow
20:46 Castle Age
19:48 Forging
19:34 Stone Mining
21:38 Bow Saw
21:28 Heavy Plow
26:06 Iron Casting
25:46 Gold Mining
30:49 Ballistics
30:40 Scale Barding Armor
31:29 Hand Cart
34:18 Imperial Age
32:05 Town Watch
32:33 Caravan
34:26 Gold Shaft Mining
34:27 Stone Shaft Mining
34:34 Elite Ballista Elephant
35:39 Conscription
35:45 Town Patrol
36:44 Crop Rotation
36:44 Husbandry
36:54 Bloodlines
36:04 Light Cavalry
37:59 Double Crossbow
42:34 Chemistry
41:43 Siege Engineers
44:14 Blast Furnace
43:35 Chain Barding Armor
Heinrich Hungrig
0:50 Loom
11:35 Feudal Age
14:08 Double-Bit Axe
18:18 Castle Age
16:42 Horse Collar
16:52 Double-Bit Axe
20:35 Bow Saw
25:12 Fervor
25:09 Heavy Plow
25:04 Gold Mining
27:09 Wheelbarrow
27:28 Caravan
28:23 Caravan
28:20 Stone Mining
29:09 Gold Shaft Mining
30:00 Hand Cart
33:46 Imperial Age
32:16 Scale Barding Armor
32:12 Padded Archer Armor
32:03 Fletching
32:23 Forging
34:35 Chain Barding Armor
34:31 Leather Archer Armor
34:12 Bodkin Arrow
34:39 Husbandry
34:50 Bloodlines
36:33 Two-Man Saw
35:56 Ballistics
35:44 Marauders
35:48 Elite Tarkan
36:42 Town Watch
38:21 Atheism
38:54 Plate Barding Armor
39:47 Conscription
40:39 Bracer
41:16 Iron Casting
42:44 Parthian Tactics
42:29 Thumb Ring
44:00 Chemistry
43:51 Heavy Cavalry Archer
Jonex2677
8:40 Loom
10:49 Feudal Age
12:30 Double-Bit Axe
12:30 Horse Collar
14:37 Wheelbarrow
21:44 Castle Age
21:08 Forging
20:58 Scale Mail Armor
22:22 Pikeman
23:27 Gold Mining
26:28 Iron Casting
26:08 Chain Mail Armor
28:17 Heavy Plow
34:01 Imperial Age
33:51 Hand Cart
34:34 Squires
34:06 Halberdier
34:53 Elite Serjeant
37:25 Blast Furnace
36:55 Plate Mail Armor
39:07 Plate Mail Armor
47:08 Onager
Den0f
12:32 Feudal Age
19:54 Castle Age
23:29 Double-Bit Axe
23:26 Horse Collar
23:38 Gold Mining
23:44 Stone Mining
24:27 Bow Saw
24:11 Pikeman
26:08 Heavy Plow
32:10 Imperial Age
30:22 Wheelbarrow
30:23 Fletching
30:33 Padded Archer Armor
30:44 Thumb Ring
32:18 Ballistics
33:16 Forging
33:07 Scale Mail Armor
33:03 Bodkin Arrow
33:23 Leather Archer Armor
32:52 Halberdier
33:36 Squires
33:21 Arson
34:51 Hand Cart
39:22 Bracer
39:53 Ring Archer Armor
39:58 Iron Casting
39:39 Chain Mail Armor
45:00 Chemistry
Connection lost

Rejoining the realm…

Still unreachable

The connection could not be restored.

Session expired

The server has moved on; the page needs a fresh start.